 Dungeon Crawl Stone Soup version 0.30.1 (webtiles) character file.

Game seed: 413529720355103594

17 spardeous the Digger (level 2, 0/11 HPs)
             Began as a Felid Earth Elementalist on July 12, 2023.
             Slain by a quokka (5 damage)
             ... on level 3 of the Dungeon.
             The game lasted 00:02:02 (500 turns).

spardeous the Digger (Felid Earth Elementalist)      Turns: 500, Time: 00:02:03

Health: 0/11       AC:  1    Str:  4    XL:     2   Next: 44%
Magic:  3/6        EV: 18    Int: 16    God:
Gold:   41         SH:  0    Dex: 16    Spells: 4/5 levels left
                                        Lives:  0   Deaths: 0

rFire   . . .        (weapon unavailable)
rCold   . . .        (shield unavailable)
rNeg    . . .        (body armour unavailable)
rPois   .            (helmet unavailable)
rElec   .            (cloak unavailable)
rCorr   .            (gloves unavailable)
SInv    +            (boots unavailable)
Will    .....        (no amulet)
Stlth   ++           (no ring)
HPRegen 0.21/turn    (no ring)
MPRegen 0.10/turn

%: no passive effects
@: lethally poisoned (0 -> -3), quick
A: very small, claws 1, fangs 3, see invisible, speed 1, shaggy fur 1, stealthy
paws, no weapons or thrown items, no armour, multi-lived
a: no special abilities


You were on level 3 of the Dungeon.
You visited 1 branch of the dungeon, and saw 3 of its levels.

You collected 41 gold pieces.

Inventory:

Scrolls
 c - a scroll of magic mapping {unknown}
Potions
 a - a potion of magic
 b - 2 potions of brilliance {unknown}
 d - a potion of lignification {unknown}


   Skills:
 + Level 3.2 Dodging
 - Level 2.6 Stealth
 - Level 2.0 Spellcasting
 - Level 1.1 Transmutations
 * Level 3.2 Earth Magic


You had 4 spell levels left.
You knew the following spells:

 Your Spells              Type           Power      Damage    Failure   Level
a - Sandblast             Erth           24%        2d8       5%          1

Your spell library contained the following spells:

 Spells                   Type           Power      Damage    Failure   Level
 Passwall                 Tmut/Erth      6%         N/A       13%         2
 Stone Arrow              Conj/Erth      12%        3d7       32%         3
 Petrify                  Tmut/Erth      8%         N/A       63%         4


Dungeon Overview and Level Annotations

Branches:
Dungeon (3/15)

Altars:
The Shining One


Innate Abilities, Weirdness & Mutations

You have sharp claws.
You have razor-sharp teeth.
You have supernaturally acute eyesight. (SInv)
You cover ground quickly. (Speed+)
You are covered in fur. (AC +1)
Your paws help you pounce on unaware monsters.
You are incapable of wielding weapons or throwing items.
You cannot wear armour.
You gain extra lives every three experience levels.


Message History

Confirm with . or Enter, or press ? or * to list all spells.
Aiming: Sandblast (safe; 5% risk of failure)
Press: ? - help, Shift-Dir - straight line, f - bat
Aim: a bat (73% to hit)
The blast of sand hits the bat!
You kill the bat!
An adder comes into view.
The hobgoblin misses you.
Casting: Sandblast (safe; 5% risk of failure)
Confirm with . or Enter, or press ? or * to list all spells.
Aiming: Sandblast (safe; 5% risk of failure)
Press: ? - help, Shift-Dir - straight line, f - hobgoblin
Aim: a hobgoblin (82% to hit)
Okay, then.
Casting: Sandblast (safe; 5% risk of failure)
Confirm with . or Enter, or press ? or * to list all spells.
Aiming: Sandblast (safe; 5% risk of failure)
Press: ? - help, Shift-Dir - straight line, f - adder
Aim: an adder (70% to hit)
The blast of sand hits the adder.
The adder is lightly wounded.
The adder completely misses you.
Casting: Sandblast (safe; 5% risk of failure)
Confirm with . or Enter, or press ? or * to list all spells.
Aiming: Sandblast (safe; 5% risk of failure)
Press: ? - help, Shift-Dir - straight line, f/p - adder
Aim: an adder (lightly wounded, 70% to hit)
The blast of sand misses the adder.
The adder bites you.
You are poisoned.
The adder poisons you! The hobgoblin closely misses you.
The adder closely misses you. The hobgoblin closely misses you.
Casting: Sandblast (safe; 5% risk of failure)
Confirm with . or Enter, or press ? or * to list all spells.
Aiming: Sandblast (safe; 5% risk of failure)
Press: ? - help, Shift-Dir - straight line, f/p - adder
Aim: an adder (lightly wounded, 70% to hit)
The blast of sand hits the adder!
You kill the adder!
You feel sick. The quokka bites you.
You die...

#..........
#......Z...
#.####w....
#.....###.. #..Z..#
#.. ###########....#
#.. #...........##.#
#.. #.........w....#
##.
#..@g.......#######.
#..†r.......#.......
#...........#.######
#...........#..##..
#...........##.##.#
#......†..=..#.##.#
.........#<#.#.##.##
#.........###.#.##.##
..........#g...##


You could see a worm, a quokka and a hobgoblin.

Vanquished Creatures
  An adder (D:3)
  5 orcs (D:2)
  2 ball pythons
  A giant cockroach (D:2)
  A bat (D:3)
  A frilled lizard (D:1)
  A kobold (D:1)
  2 rats
14 creatures vanquished.

Notes
Turn   | Place    | Note
-------+----------+-------------------------------------------
     0 | D:1      | spardeous the Felid Earth Elementalist began the quest for
                  | the Orb.
     0 | D:1      | Reached XP level 1. HP: 7/7 MP: 4/4
    88 | D:2      | Reached XP level 2. HP: 11/11 MP: 1/6
   197 | D:2      | Found a faded altar of an unknown god.
   392 | D:3      | Found a glowing golden altar of the Shining One.
   392 | D:3      | Noticed a crimson imp
   500 | D:3      | Slain by a quokka

Illustrated notes

Levels and vault maps discovered:
D:1:      zaba_arrival_water, layout_basic
D:2:      layout_loops_ring, basic_altar, shapermc_ecumenical_altar_acropolis,
          uniq_crazy_yiuf_cottage
D:3:      kennysheep_the_goblin_king, layout_basic,
          nicolae_tso_besieged_by_evil, minmay_fractal_squares_5

Skill      XL: |  1 |
---------------+----+-----
Dodging        | 3 |  3.2
Earth Magic    | 3 |  3.2
Stealth        | |  2.6
Spellcasting   | |  2.0
Transmutations | |  1.1

Action                     || total
---------------------------++-------
   Cast: Sandblast         ||    23
 Armour: Skin              ||     4
  Dodge: Dodged            ||    50
